 Dungeon Crawl Stone Soup version 0.28-a0-533-g9f97627e2a (webtiles) character file.

Game seed: 5737177992857637151

23 sanka the Changer (level 2, 0/22 HPs)
             Began as a Demigod Transmuter on Sept 25, 2021.
             Slain by an adder (3 damage)
             ... on level 2 of the Dungeon.
             The game lasted 00:01:26 (928 turns).

sanka the Changer (Demigod Transmuter)               Turns: 928, Time: 00:01:26

Health: 0/22       AC:  3    Str: 11    XL:     2   Next: 54%
Magic:  7/7        EV: 12    Int: 15    God:
Gold:   34         SH:  0    Dex: 14    Spells: 4/5 levels left

rFire   . . .      SeeInvis .     - Unarmed
rCold   . . .      Faith    .   (no shield)
rNeg    . . .      Spirit   .   a - +0 robe
rPois   .          Reflect  .   (helmet currently unavailable)
rElec   .          Harm     .   (no cloak)
rCorr   .          Rampage  .   h - +0 pair of gloves
Will    .....                   (boots currently unavailable)
Stlth   +.........              (no amulet)
HPRegen 0.07/turn               (no ring)
MPRegen 0.10/turn               (no ring)

@: lethally poisoned (0 -> -3), appendages (expiring)
A: horns 2, talons 2, high mp 1, forlorn
a: End Transformation


You were on level 2 of the Dungeon.
You had temporarily grown beastly horns and talons.
You visited 1 branch of the dungeon, and saw 2 of its levels.

You collected 34 gold pieces.


Innate Abilities, Weirdness & Mutations

You have temporarily grown beastly horns and talons.
Your attributes grow dramatically as you level up.
You have an increased reservoir of magic. (+10% MP)
You shall have no god before yourself.


   Skills:
 - Level 0.8 Fighting
 - Level 1.7 Dodging
 - Level 2.6 Unarmed Combat
 - Level 2.0 Spellcasting
 + Level 2.9 Transmutations


You had 4 spell levels left.
You knew the following spells:

 Your Spells              Type           Power      Damage    Failure   Level
z - Beastly Appendage     Tmut           20%        N/A       7%          1

Your spell library contained the following spells:

 Spells                   Type           Power      Damage    Failure   Level
 Wereblood                Tmut           10%        N/A       11%         2
 Magic Dart               Conj           4%         1d3       22%         1
 Blink                    Tloc           N/A        N/A       32%         2
 Call Imp                 Summ           1%         N/A       32%         2
 Spider Form              Tmut/Pois      2%         N/A       36%         3
 Lesser Beckoning         Tloc           1%         N/A       54%         3
 Mephitic Cloud           Conj/Pois/Air  1%         N/A       54%         3
 Ice Form                 Ice/Tmut       5%         N/A       77%         4
 Manifold Assault         Tloc           1%         N/A       99%         5

Inventory:

Armour
 a - a +0 robe (worn)
 h - a +0 pair of gloves (worn)
Scrolls
 c - 3 scrolls of identify {unknown}
 d - a scroll of blinking {unknown}
 f - a scroll of fog {unknown}
 g - a scroll of noise {unknown}
Potions
 b - a potion of curing {unknown}
 e - a potion of might {unknown}

Dungeon Overview and Level Annotations

Branches:
Dungeon (2/15)

▒▒▒▒▒▒▒.▒..▒▒▒▒
▒▒...▒.....▒ ▒
▒..▒▒▒.....▒ .▒
▒▒▒▒▒....▒.....▒▒▒▒.▒
....................▒
▒▒.▒▒...........l.▒▒▒
▒ ▒.▒▒..........▒
▒▒.▒▒.▒▒.......S▒▒▒▒▒▒
..............KSp....▒
▒▒...>..........▒▒▒▒.▒
▒▒▒▒.▒▒..▒.▒.▒.▒
▒.▒▒..▒▒....▒
▒...........▒
▒▒▒.........▒.▒
.........▒▒▒.▒.▒
▒▒▒▒▒▒▒▒.▒ ▒.▒†▒ ..▒
▒.▒.▒▒▒▒...


You could see an adder, a ball python and a kobold.


Message History

The kobold is heavily wounded.
A ball python comes into view.
The adder bites you. The kobold misses you.
The ball python hisses angrily.
You hit the kobold but do no damage.
The kobold is heavily wounded.
Your transformation is almost over.
The adder bites you.
You are poisoned.
The adder poisons you! The kobold hits you with a +0 dagger.
You feel sick. The adder bites you.
The frilled lizard hisses.
The adder bites you.
* * * LOW HITPOINT WARNING * * *
You are lethally poisoned!
The adder poisons you!
* * * LOW HITPOINT WARNING * * *
You feel sick.
* * * LOW HITPOINT WARNING * * *
You feel sick. The adder barely misses you.
* * * LOW HITPOINT WARNING * * *
You feel sick.
* * * LOW HITPOINT WARNING * * *
You feel sick. The adder bites you.
You die...

Action                   || total
-------------------------++-------
Melee: Unarmed           ||    58
       Headbutt          ||    10
       Kick              ||     7
 Cast: Beastly Appendage ||    16
Armor: Robe              ||    17
Dodge: Dodged            ||    37

Levels and vault maps discovered:
D:1:      dpeg_arrival_shelter, layout_rooms, ebering_ecumenical_altar_webs
D:2:      layout_loops_ring, minmay_misc_feat_pillars, minmay_distorted,
          uniq_natasha, uniq_robin, uniq_crazy_yiuf_cottage

Notes
Turn   | Place    | Note
-------+----------+-------------------------------------------
     0 | D:1      | sanka the Demigod Transmuter began the quest for the Orb.
     0 | D:1      | Reached XP level 1. HP: 15/15 MP: 5/5
   127 | D:1      | Reached skill level 2 in Transmutations
   130 | D:1      | Reached skill level 2 in Spellcasting
   339 | D:1      | Reached XP level 2. HP: 21/22 MP: 5/7
   928 | D:2      | Slain by an adder

Vanquished Creatures
  A dart slug (D:1)
  2 endoplasms (D:1)
  3 goblins (D:1)
  3 hobgoblins
  2 ball pythons
  4 bats
  A frilled lizard (D:1)
  A kobold (D:1)
  3 rats (D:1)
20 creatures vanquished.
